 Dungeon Crawl Stone Soup version 0.26.1 (webtiles) character file.

Game seed: 16977335514762191425

3734 Exporg the Blocker (level 10, -12/60 HPs)
             Began as a Gargoyle Fighter on Feb 7, 2021.
             Was a Priest of Qazlal.
             Mangled by an orc warrior
             ... wielding a +0 hand axe
              (13 damage)
             ... in a bailey.
             The game lasted 00:13:08 (8030 turns).

Exporg the Blocker (Gargoyle Fighter)               Turns: 8030, Time: 00:13:08

Health: -12/60     AC: 19    Str: 20    XL:     10   Next: 15%
Magic:  10/10      EV:  8    Int: 10    God:    Qazlal [***...]
Gold:   416        SH: 15    Dex: 11    Spells: 9/9 levels left

rFire    . . .     SeeInvis .   a - +0 flail
rCold    . . .     Faith    .   c - +0 kite shield
rNeg     + . .     Spirit   .   D - +1 chain mail {rPois}
rPois    ∞         Reflect  .   (no helmet)
rElec    +         Harm     .   (no cloak)
rCorr    .         Rampage  .   A - +0 pair of gloves
Will     .....                  (no boots)
Stlth    ..........             (no amulet)
HPRegen  0.20/turn              s - ring of flight
MPRegen  0.12/turn              (no ring)

@: mighty
A: negative energy resistance 1, electricity resistance, unbreathing,
petrification resistance, miasma immunity, AC +7
a: Renounce Religion, Evoke Flight, Upheaval, Elemental Force


You were in a bailey.
You worshipped Qazlal.
Qazlal was most pleased with you.
You visited 1 branch of the dungeon, and saw 8 of its levels.
You also visited: Bailey.

You collected 416 gold pieces.

Inventory:

Hand Weapons
 a - a +0 flail (weapon)
Armour
 b - a +0 scale mail
 c - a +0 kite shield (worn)
 o - a +0 chain mail
 A - a +0 pair of gloves (worn)
 D - a +1 chain mail of poison resistance (worn)
Jewellery
 s - a ring of flight (left hand)
Wands
 t - a wand of random effects (19)
 G - a wand of enslavement (14)
Scrolls
 e - 9 scrolls of identify {unknown}
 g - 2 scrolls of noise {unknown}
 h - 5 scrolls of teleportation {unknown}
 j - 3 scrolls of enchant weapon {unknown}
 k - 2 scrolls of amnesia {unknown}
 m - a scroll of blinking {unknown}
 n - a scroll of fear {unknown}
 p - 2 scrolls of magic mapping {unknown}
 r - 5 scrolls of remove curse {unknown}
 u - a scroll of enchant armour {unknown}
 y - 2 scrolls of random uselessness {unknown}
 F - a scroll of immolation {unknown}
Potions
 f - 4 potions of curing
 i - a potion of invisibility
 l - 3 potions of attraction {unknown}
 q - a potion of cancellation {unknown}
 v - a potion of magic {unknown}
 w - a potion of ambrosia {unknown}
 x - a potion of berserk rage {unknown}
 z - a potion of degeneration {unknown}
 B - a potion of brilliance {unknown}
 C - a potion of haste {unknown}
 E - a potion of lignification {unknown}


   Skills:
 + Level 6.3 Fighting
 + Level 8.7 Maces & Flails
 + Level 6.2 Armour
 + Level 3.3 Dodging
 + Level 1.0 Stealth
 + Level 9.5 Shields


You had 9 spell levels left.
You didn't know any spells.
Your spell library was empty.

Dungeon Overview and Level Annotations

Branches:
Dungeon (8/15)             Temple (0/1) D:7          Bailey (1/1)
   Lair: D:8-11

Altars:
Ashenzari
Cheibriados
Elyvilon
Fedhas
Gozag
Kikubaaqudgha
Nemelex Xobeh
Qazlal
Ru
Trog
Uskayaw
Zin

Shops:
D:7 }


Innate Abilities, Weirdness & Mutations

You are resistant to torment.
Your stone body is resilient. (AC +7)
You are immune to poison.
You resist negative energy. (rN+)
You are resistant to electric shocks. (rElec)
You can survive without breathing.
You are immune to petrification.
You are immune to miasma.


Message History

You hit the orc knight.
You kill the orc knight!
Qazlal accepts your kill.
You can now give life to nearby clouds.
You block the hobgoblin's attack.
You thump the hobgoblin!
You kill the hobgoblin!
Qazlal accepts your kill. You block the orc's attack.
You thump the orc!
You kill the orc!
Qazlal accepts your kill. You block the goblin's attack.
You closely miss the orc warrior.
The orc warrior hits you with a +0 hand axe.
* * * LOW HITPOINT WARNING * * *
You block the goblin's attack.
You hit the orc warrior.
The orc warrior is lightly wounded.
The orc warrior hits you with a +0 hand axe!
You die...

#..⌠..#..####
#.....#.....#
#.....#...8.#
#######.....#
########)8.#
.......))).#
.........8.#
.._.....§.)+
........#@##
#########go#
+..: #gg#
#..! #go#
#### #g.#
+..# ####


You could see an orc warrior (strong), an orc, a hobgoblin and 4 goblins.

Vanquished Creatures
  An orc knight (Bailey)
  A cyclops (D:7)
  2 kobold demonologists (Bailey)
  Prince Ribbit (D:7)
  2 orc warriors
  An ice beast (D:6)
  A sky beast (D:6)
  2 ogres
  A phantom (D:7)
  3 centaurs
  2 bullfrogs
  A scorpion (D:5)
  4 killer bees (D:7)
  A howler monkey (D:5)
  3 orc wizards
  A bullfrog skeleton (D:7)
  3 hounds
  3 orc priests
  A centaur skeleton (D:6)
  Ijyb (D:3)
  3 iguanas
  6 worker ants
  A worker ant zombie (D:7)
  15 adders
  A gnoll (Bailey)
  2 howler monkey skeletons
  4 shadow imps
  3 white imps
  2 ufetubi
  An ooze (D:1)
  An adder skeleton (D:4)
  An adder zombie (D:6)
  5 worms
  A dart slug (D:4)
  6 leopard geckos
  20 orcs
  2 ball pythons
  5 bats
  4 giant cockroaches
  11 hobgoblins
  7 jackals
  4 kobolds
  4 quokkas
  7 frilled lizards
  14 goblins
  A goblin zombie (D:7)
  A jackal skeleton (D:5)
  11 rats
178 creatures vanquished.

Vanquished Creatures (others)
  6 plants (D:7)
  6 withered plants (D:7)
12 creatures vanquished.

Grand Total: 190 creatures vanquished

Notes
Turn   | Place    | Note
-------+----------+-------------------------------------------
     0 | D:1      | Exporg the Gargoyle Fighter began the quest for the Orb.
     0 | D:1      | Reached XP level 1. HP: 14/14 MP: 1/1
   132 | D:1      | Reached XP level 2. HP: 17/19 MP: 2/2
   596 | D:1      | Reached XP level 3. HP: 15/23 MP: 3/3
  1095 | D:2      | Found a sparkling altar of Nemelex Xobeh.
  1202 | D:2      | Reached skill level 4 in Shields
  1313 | D:2      | Reached XP level 4. HP: 29/29 MP: 4/4
  1592 | D:2      | Found a faded altar of an unknown god.
  1592 | D:2      | Found a snail-covered altar of Cheibriados.
  1601 | D:2      | Found a stormy altar of Qazlal.
  1603 | D:2      | Found a glowing silver altar of Zin.
  1605 | D:2      | Found a sacrificial altar of Ru.
  1627 | D:2      | Became a worshipper of Qazlal Stormbringer
  1872 | D:2      | Found a bloodstained altar of Trog.
  1883 | D:2      | Found a white marble altar of Elyvilon.
  2228 | D:3      | Reached XP level 5. HP: 32/33 MP: 5/5
  2526 | D:3      | Noticed Ijyb
  2555 | D:3      | Killed Ijyb
  2555 | D:3      | Reached * piety under Qazlal
  3301 | D:3      | Reached XP level 6. HP: 31/38 MP: 6/6
  3308 | D:3      | Reached skill level 1 in Dodging
  3613 | D:4      | Reached skill level 5 in Shields
  3820 | D:4      | Reached XP level 7. HP: 36/44 MP: 7/7
  4580 | D:5      | Entered Level 5 of the Dungeon
  4741 | D:5      | Reached ** piety under Qazlal
  4882 | D:5      | Reached skill level 5 in Maces & Flails
  5112 | D:5      | Reached skill level 5 in Fighting
  5288 | D:5      | Found a broken altar of Ashenzari.
  5323 | D:5      | Reached skill level 6 in Shields
  5323 | D:5      | Reached XP level 8. HP: 45/49 MP: 8/8
  5564 | D:6      | Reached skill level 5 in Armour
  6126 | D:6      | Found an opulent altar of Gozag.
  6285 | D:6      | Found a hide-covered altar of Uskayaw.
  6408 | D:7      | Noticed a cyclops
  6425 | D:7      | Killed a cyclops
  6426 | D:7      | Reached skill level 7 in Shields
  6426 | D:7      | Reached XP level 9. HP: 24/54 MP: 9/9
  6639 | D:7      | Reached skill level 1 in Stealth
  6648 | D:7      | Found a staircase to the Ecumenical Temple.
  6849 | D:7      | Found a blossoming altar of Fedhas.
  6850 | D:7      | Noticed Prince Ribbit
  6853 | D:7      | Killed Prince Ribbit
  6855 | D:7      | Found an ancient bone altar of Kikubaaqudgha.
  7173 | D:7      | Reached skill level 8 in Shields
  7213 | D:7      | Found Nigum's Gadget Shop.
  7851 | D:8      | Found a flagged portal.
  7870 | Bailey   | Entered a bailey
  7953 | Bailey   | Noticed a kobold demonologist
  7955 | Bailey   | Noticed a kobold demonologist
  7961 | Bailey   | Found an iron altar of Okawaru.
  7976 | Bailey   | Killed a kobold demonologist
  7977 | Bailey   | Killed a kobold demonologist
  7978 | Bailey   | Reached skill level 9 in Shields
  7978 | Bailey   | Reached XP level 10. HP: 59/60 MP: 10/10
  7994 | Bailey   | Noticed an orc knight
  8026 | Bailey   | Killed an orc knight
  8026 | Bailey   | Reached *** piety under Qazlal
  8029 | Bailey   | HP: 1/60 [orc warrior/+0 hand axe (6)]
  8030 | Bailey   | Mangled by an orc warrior

Illustrated notes

Levels and vault maps discovered:
D:1:      dpeg_arrival_rooms_with_view, layout_basic
D:2:      layout_loops_cross, chequers_temple_overflow_minitemple,
          elyvilon_altar_5, general_overflow_altar, overflow_temple_1_default
D:3:      layout_loops_corners, uniq_ijyb
D:4:      layout_loops_ring
D:5:      layout_basic, kennysheep_mini
D:6:      layout_cave_pools, nicolae_overflow_crystal_walls,
          kennysheep_little_box
D:7:      layout_loops_ring, grunt_temple_overflow_growth_and_decay,
          minmay_temple_entry_proselytizer, enter_ossuary_3, serial_shops,
          kennysheep_mini_moat, uniq_prince_ribbit1
D:8:      corexii_shack_village, layout_basic, lemuel_coloured_pillars_altar,
          serial_shops, shop, enter_bailey_5, bloody_trog
Bailey:   bailey_axe_of_yendor_kennysheep, bailey

Skill      XL: |  1  2  3  4  5  6  7  8  9 |
---------------+----------------------------+-----
Shields        | 4 5 6 7 9 |  9.5
Armour         | 4 5 6 |  6.2
Maces & Flails | 3 4 5 7 8 |  8.7
Fighting       | 4 5 6 |  6.3
Dodging        | 1 2 3 |  3.3
Stealth        | 1 |  1.0

Action                   |  1- 3 |  4- 6 |  7- 9 | 10-12 || total
-------------------------+-------+-------+-------+-------++-------
Melee: Flail             |   118 |   263 |   435 |    42 ||   858
  Use: Potion            |       |       |       |     1 ||     1
Armor: Scale mail        |    74 |   142 |   142 |       ||   358
       Chain mail        |       |       |    49 |    15 ||    64
Dodge: Dodged            |    41 |    78 |   103 |     9 ||   231
Block: Kite shield       |    67 |   148 |   297 |    48 ||   560
